 Dungeon Crawl Stone Soup version 0.29.0-13-gc9e81de378 (webtiles) character file.

Game seed: 331109781659225153

1397 trckry the Cudgeller (level 8, -11/62 HPs)
             Began as a Demonspawn Fighter on Sept 7, 2022.
             Was a Follower of Ru.
             Mangled by an ogre
             ... wielding a +0 giant spiked club
              (21 damage)
             ... on level 5 of the Dungeon.
             The game lasted 00:12:57 (4727 turns).

trckry the Cudgeller (Demonspawn Fighter)           Turns: 4727, Time: 00:12:58

Health: -11/62     AC:  8    Str: 19    XL:     8   Next: 41%
Magic:  8/8        EV:  8    Int:  9    God:    Ru [*.....]
Gold:   1484       SH:  0    Dex: 13    Spells: 7/7 levels left

rFire   . . .      SeeInvis .   a - +3 eveningstar (vamp)
rCold   . . .      Faith    .   i - +0 kite shield
rNeg    . . .      Spirit   .   u - +1 scale mail
rPois   .          Reflect  .   (no helmet)
rElec   .          Harm     .   (no cloak)
rCorr   .          Rampage  .   (no gloves)
Will    .....                   (no boots)
Stlth   ..........              o - amulet of the acrobat
HPRegen 0.20/turn               (no ring)
MPRegen 0.11/turn               (no ring)

@: confused, hasted, very quick
A: hooves 1, spiny 1, no hexes magic, no ice magic, no translocations magic
a: Renounce Religion


You were on level 5 of the Dungeon.
You worshipped Ru.
Ru was aware of your devotion.
You visited 1 branch of the dungeon, and saw 5 of its levels.
You also visited: Sewer and Ossuary.

You collected 1523 gold pieces.
You spent 39 gold pieces at shops.

Inventory:

Hand Weapons
 a - a +3 vampiric eveningstar (weapon)
 b - a +2 whip of electrocution
 c - a +1 spectral flail
Missiles
 n - 2 silver boomerangs (quivered)
Armour
 i - a +0 kite shield (worn)
 u - a +1 scale mail (worn)
Jewellery
 o - an amulet of the acrobat (around neck)
Wands
 v - a wand of flame (20)
Scrolls
 g - a scroll of teleportation
 j - a scroll of fog
 k - 2 scrolls of identify
 z - a scroll of immolation
Potions
 d - 3 potions of might
 e - 4 potions of mutation
 f - 2 potions of curing
 h - 3 potions of flight
 l - 3 potions of heal wounds {unknown}
 m - 2 potions of resistance {unknown}
 p - a potion of lignification {unknown}
 q - a potion of magic {unknown}
 r - a potion of invisibility {unknown}
 s - a potion of cancellation {unknown}
 t - a potion of brilliance {unknown}
 w - a potion of haste
 x - a potion of berserk rage {unknown}


   Skills:
 - Level 5.0 Fighting
 * Level 6.6 Maces & Flails
 - Level 5.0 Armour
 - Level 5.0 Shields


You had 7 spell levels left.
You didn't know any spells.
Your spell library contained the following spells:

 Spells                   Type           Power      Damage    Failure   Level
 Alistair's Intoxication  Tmut/Pois      0%         N/A       100%        5
 Apportation              Tloc           Unusable   N/A       N/A         1
 Gell's Gravitas          Tloc           Unusable   N/A       N/A         3
 Teleport Other           Tloc           Unusable   N/A       N/A         3
 Dispersal                Tloc           Unusable   N/A       N/A         6

Dungeon Overview and Level Annotations

Branches:
Dungeon (5/15) Zot: 25688   Sewer (visited)         Ossuary (visited)
 Temple: D:4-7

Altars:
Fedhas
Kikubaaqudgha
Nemelex Xobeh
Okawaru
Ru
Sif Muna
Xom
Yredelemnul

Shops:
D:2 !


Innate Abilities, Weirdness & Mutations

You have large cloven feet.
You are partially covered in sharp spines.
You cannot study or cast Hexes magic.
You cannot study or cast Ice magic.
You cannot study or cast Translocations magic.


Message History

You kill the orc!
You hear a zap.
Something tries to affect you, but you resist.
You hear a zap.
Something tries to affect you, but you resist.
You bump into the rock wall.
You hear a zap.
Your mind is blasted!
You take 14 damage, and have 34/62 hp.
MASSIVE DAMAGE!!
You bump into the rock wall.
An ogre comes into view. It is wielding a +0 giant spiked club.
You hear a zap.
Your mind is blasted!
You take 4 damage, and have 30/62 hp.
You closely miss something.
The ogre shouts!
You closely miss something. Your kick misses something.
You feel less confused. Something hits you.
You take 2 damage, and have 29/62 hp.
You barely miss something.
You hear some strange, mumbled words.
You are confused.
Something hits you but does no damage. The ogre closely misses you.
You closely miss the ogre. Something hits you.
The ogre hits you with a +0 giant spiked club!
* * * LOW HITPOINT WARNING * * *
You take 11 damage, and have 18/62 hp.
You bump into the rock wall.
Something hits you but does no damage.
You feel better. The ogre is struck by your spines.
The ogre hits you with a +0 giant spiked club!
* * * LOW HITPOINT WARNING * * *
Something hits you but does no damage.
You take 8 damage, and have 10/62 hp.
Okay, then.
It was a potion of haste.
You feel yourself speed up.
You hear some strange, mumbled words.
You are confused.
The ogre hits you with a +0 giant spiked club!!
You die...

.# #.# .. #.# #. #.# ## #####
#.#.. ##.# ... .....
......#####..##.# .... ##.
#..O@##.#...# ....
..##...####){....# #...
.....#.######)...########
##.... #........##...........#
###..###......oo...........###
'.##..##.......###...##..#####
###..............)...........#
##..............#####........#
#.†...###.....o.# #####....#


You could see an ogre.

Vanquished Creatures
  Grinder (D:3)
  An ice beast (D:5)
  A black bear (D:4)
  3 kobold brigands
  A bullfrog (D:5)
  A scorpion (D:5)
  2 centaur zombies (Ossuary)
  3 human zombies (Ossuary)
  A jelly (D:5)
  2 orc priests (D:5)
  2 iguanas (D:5)
  Jessica (D:2)
  3 orc wizards
  3 mummies
  Robin (D:3)
  9 adders
  3 river rats
  A dart slug (D:2)
  12 orcs
  14 ball pythons
  5 bats
  7 endoplasms
  3 giant cockroaches
  A gnoll zombie (Ossuary)
  13 goblins
  12 hobgoblins
  4 jackals
  12 kobolds
  5 quokkas
  4 frilled lizards
  A goblin zombie (D:5)
  A hobgoblin zombie (D:5)
  2 orc zombies (Ossuary)
  14 rats
149 creatures vanquished.

Vanquished Creatures (others)
  An adder (D:5)
1 creature vanquished.

Grand Total: 150 creatures vanquished

Notes
Turn   | Place    | Note
-------+----------+-------------------------------------------
     0 | D:1      | trckry the Demonspawn Fighter began the quest for the Orb.
     0 | D:1      | Reached XP level 1. HP: 18/18 MP: 1/1
     9 | D:1      | Found a faded altar of an unknown god.
    44 | D:1      | Reached skill level 2 in Maces & Flails
   138 | D:1      | Gained mutation: You have large cloven feet. [demonic
                  | ancestry]
   138 | D:1      | Reached XP level 2. HP: 7/24 MP: 2/2
   653 | D:1      | Reached XP level 3. HP: 26/29 MP: 3/3
  1104 | D:2      | Noticed Jessica
  1108 | D:2      | Killed Jessica
  1109 | D:2      | Reached XP level 4. HP: 35/35 MP: 4/4
  1219 | D:2      | Reached skill level 3 in Maces & Flails
  1786 | D:2      | Found Belij's Distillery.
  1793 | D:2      | Bought a potion of curing for 39 gold pieces
  1997 | D:2      | Reached XP level 5. HP: 30/41 MP: 5/5
  2190 | D:3      | Noticed Robin
  2198 | D:3      | Killed Robin
  2499 | D:3      | Noticed Grinder
  2499 | D:3      | Paralysed by Grinder for 4 turns
  2525 | D:3      | HP: 3/42 [Grinder/puff of flame (9)]
  2533 | D:3      | Killed Grinder
  2534 | D:3      | Reached skill level 4 in Maces & Flails
  2534 | D:3      | Reached XP level 6. HP: 11/48 MP: 6/6
  3327 | D:4      | Found a basalt altar of Yredelemnul.
  3344 | D:4      | Found a blossoming altar of Fedhas.
  3357 | D:4      | Found a sacrificial altar of Ru.
  3361 | D:4      | Became a worshipper of Ru the Awakened
  3402 | D:4      | Found a glowing drain.
  3406 | Sewer    | Entered a sewer
  3591 | Sewer    | Reached XP level 7. HP: 55/55 MP: 7/7
  3703 | D:4      | Reached skill level 5 in Maces & Flails
  3765 | D:4      | Found a sparkling altar of Nemelex Xobeh.
  3868 | D:4      | Found a shimmering altar of Xom.
  3868 | D:4      | Found a shimmering blue altar of Sif Muna.
  3901 | D:4      | Found an iron altar of Okawaru.
  4020 | D:5      | Entered Level 5 of the Dungeon
  4021 | D:5      | Identified 3 scrolls of acquirement
  4021 | D:5      | Acquired 444 gold pieces
  4023 | D:5      | Acquired 736 gold pieces
  4025 | D:5      | Acquired a +3 vampiric eveningstar
  4070 | D:5      | Found a sand-covered staircase.
  4121 | Ossuary  | Entered an ossuary
  4203 | Ossuary  | Reached skill level 5 in Fighting
  4257 | Ossuary  | Gained mutation: You are partially covered in sharp spines.
                  | [demonic ancestry]
  4257 | Ossuary  | Reached XP level 8. HP: 60/62 MP: 8/8
  4427 | D:5      | Reached skill level 6 in Maces & Flails
  4539 | D:5      | Reached skill level 5 in Armour
  4561 | D:5      | Gained mutation: You cannot study or cast Ice magic. [Ru
                  | sacrifice]
  4561 | D:5      | Gained mutation: You cannot study or cast Hexes magic. [Ru
                  | sacrifice]
  4561 | D:5      | Gained mutation: You cannot study or cast Translocations
                  | magic. [Ru sacrifice]
  4561 | D:5      | Reached * piety under Ru
  4583 | D:5      | Found an ancient bone altar of Kikubaaqudgha.
  4617 | D:5      | Reached skill level 5 in Shields
  4727 | D:5      | Mangled by an ogre

Illustrated notes

Levels and vault maps discovered:
D:1:      lemuel_arrival_behind_the_door_large, layout_loops_ring,
          basic_ecumenical_altar, glass_columns_a
D:2:      layout_rooms, serial_shops, shop, minmay_snake_closets, uniq_jessica
D:3:      layout_loops_ring, dreamdust_mushroom_princess, uniq_robin,
          uniq_grinder
D:4:      layout_basic, fedhas_altar_1, nicolae_overflow_quartered_altars,
          chequers_temple_overflow_statue_of_worship, gup_sewer_entry_bowl
D:5:      layout_rooms, lemuel_doored_altar,
          nicolae_kikubaaqudgha_miasma_corner, nicolae_ossuary_entry_giza

Skill      XL: |  1  2  3  4  5  6  7  8 |
---------------+-------------------------+-----
Maces & Flails | 2 3 4 5 6 |  6.6
Armour         | 3 4 5 |  5.0
Shields        | 3 4 5 |  5.0
Fighting       | 4 5 |  5.0

Action                   |  1- 3 |  4- 6 |  7- 9 || total
-------------------------+-------+-------+-------++-------
Melee: Flail             |    83 |   126 |    31 ||   240
       Kick              |    12 |    40 |    28 ||    80
       Whip              |       |    59 |       ||    59
       Eveningstar       |       |       |    75 ||    75
Throw: Boomerang         |       |    13 |       ||    13
Invok: Sacrifice Arcana  |       |       |     1 ||     1
  Use: Potion            |       |     3 |     2 ||     5
       Scroll            |       |    10 |     4 ||    14
Armor: Scale mail        |    45 |    73 |    28 ||   146
Dodge: Dodged            |    30 |    60 |    32 ||   122
Block: Buckler           |    13 |       |       ||    13
       Kite shield       |     9 |    77 |    41 ||   127
